 Dungeon Crawl Stone Soup version 0.31.0-12-g77e489cdc1 (webtiles) character file.

Game seed: 16955071345629063832

1095 Spakk the Changeling (level 8, 0/57 HPs)
             Began as an Octopode Shapeshifter on Feb 13, 2024.
             Was an Initiate of Gozag.
             Slain by an orc
             ... wielding a +0 dagger
              (2 damage)
             ... on level 4 of the Dungeon.
             The game lasted 00:05:53 (4172 turns).

Spakk the Changeling (Octopode Shapeshifter)        Turns: 4172, Time: 00:05:54

Health: 0/57       AC:  1    Str: 13    XL:     8   Next: 31%
Magic:  8/8        EV: 17    Int: 13    God:    Gozag
Gold:   324        SH:  4    Dex: 13    Spells: 7/7 levels left

rFire   . .          .
                       - Unarmed
rCold   . . .        w - +0 buckler
rNeg    . . .        (helmet currently unavailable)
rPois   .            (no amulet)
rElec   .            E - +5 ring of evasion
rCorr   .            (no ring)
SInv    .            (no ring)
Will    .....        (no ring)
Stlth   ++           (no ring)
HPRegen 0.29/turn    (no ring)
MPRegen 0.11/turn    (no ring)
                     (no ring)

%: no passive effects
@: beast-form, gold aura
A: beast (slay +4), almost no armour, amphibious, 8 rings, camouflage 1,
gelatinous body 1, (nimble swimmer 1), tentacles
a: Begin Untransformation, Renounce Religion, Potion Petition, Call Merchant,
Bribe Branch


You were on level 4 of the Dungeon.
You worshipped Gozag.
Gozag was aware of your devotion.
You were a hulking beast.
You visited 1 branch of the dungeon, and saw 7 of its levels.

You collected 369 gold pieces.
You paid 45 gold pieces to Gozag.


Innate Abilities, Weirdness & Mutations

You are a hulking beast.
Your limbs bulge with bestial killing power. (Slay +4)
You cannot wear most types of armour.
You are amphibious.
You can wear up to eight rings at the same time.
Your skin changes colour to match your surroundings (Stealth+).
Your rubbery body absorbs attacks. (AC +1, EV +1)
((You are camouflaged when in or above water. (Stealth+)))
You have tentacles for arms and can constrict up to eight enemies at once.


   Skills:
 + Level 6.0 Fighting
 - Level 2.0 Dodging
 - Level 4.0 Unarmed Combat
 - Level 7.0 Shapeshifting


You had 7 spell levels left.
You didn't know any spells.
Your spell library contained the following spells:

 Spells                   Type           Power      Damage    Failure   Level
 Summon Ice Beast         Ice/Summ       0%         N/A       78%         3
 Summon Mana Viper        Hex/Summ       0%         N/A       100%        5
 Monstrous Menagerie      Summ           0%         N/A       100%        7

Inventory:

Armour
 w - a +0 buckler (worn)
Jewellery
 E - a +5 ring of evasion (left tentacle)
Talismans
 b - a beast talisman
 c - a flux talisman
Wands
 u - a wand of digging (1)
Scrolls
 e - a scroll of teleportation {@r2}
 h - a scroll of amnesia {unknown}
 j - a scroll of fog {unknown}
 k - a scroll of vulnerability {unknown}
 l - a scroll of revelation {unknown}
 m - 2 scrolls of fear {unknown}
 p - a scroll of enchant armour {unknown}
 s - 2 scrolls of poison {unknown}
 t - a scroll of brand weapon {unknown}
 v - a scroll of immolation {unknown}
 y - a scroll of enchant weapon {unknown}
Potions
 a - a potion of curing {unknown}
 d - a potion of enlightenment {unknown}
 f - a potion of degeneration {unknown}
 g - 3 potions of attraction {unknown}
 i - a potion of mutation {unknown}
 n - a potion of magic {unknown}
 o - 2 potions of might {unknown}
 q - 3 potions of heal wounds {unknown}
 r - 2 potions of haste {unknown}
 x - a potion of experience {unknown}

Dungeon Overview and Level Annotations

Branches:
Dungeon (7/15)             Temple (0/1) D:4

Altars:
Ashenzari
Gozag
Nemelex Xobeh
Qazlal
Wu Jian
Zin

Shops:
D:4 [

Annotations:
D:4 1 runed translucent door, math4jedi's ghost, amateur MiBe

(.........# #.....#
..........# #.....#
.####.....#. #.....######
##..#.....#..######.....#
....#.....#.......#.....#
#####.....# #...#.....# #
#.⌠$⌠.....# # #..⚑$.....#
# #.h.⌠###### #So..#
....g§§$..# .....##..##
##... #### #.. #. '.


You could see an adder and an orc.


Message History

Pikel is heavily wounded.
You constrict Pikel, but do no damage. The lemure hits you.
* * * LOW HITPOINT WARNING * * *
The orc hits you but does no damage.
Pikel hits you with a +0 whip of freezing!
* * * LOW HITPOINT WARNING * * *
Pikel freezes you.
* * * LOW HITPOINT WARNING * * *
You tentacle-slap Pikel. You squeeze Pikel.
Pikel is severely wounded.
You constrict Pikel. The lemure hits you.
* * * LOW HITPOINT WARNING * * *
The orc hits you with a +0 dagger.
* * * LOW HITPOINT WARNING * * *
Pikel completely misses you.
You tentacle-slap Pikel. You squeeze Pikel.
You kill Pikel!
With Pikel's spell broken, his former minions thank you for their freedom.
The lemure departs this earthly plane. x2; The orc hits you with a +0 dagger.
* * * LOW HITPOINT WARNING * * *
Training target 7.0 for Shapeshifting reached!
Your Shapeshifting skill increases to level 7!
You need to enable at least one skill for training.
Training target 6.0 for Fighting reached!
Your Fighting skill increases to level 6!
You need to enable at least one skill for training.
You have reached level 8!
The orc attacks as it pursues you! The orc hits you with a +0 dagger.
You die...
Your body crumbles into a pile of gold.

Skill      XL: |  1  2  3  4  5  6  7 |
---------------+----------------------+-----
Fighting       | 2 3 4 5 6 |  6.0
Unarmed Combat | 4 |  4.0
Shapeshifting  | 4 7 |  7.0
Dodging        | |  2.0

Action                     |  1- 3 |  4- 6 |  7- 9 || total
---------------------------+-------+-------+-------++-------
  Melee: Unarmed           |    65 |    72 |    76 ||   213
         Constrict         |    18 |    20 |    15 ||    53
         Tentacles         |    12 |    18 |    17 ||    47
         Punch             |     1 |     5 |     1 ||     7
    Use: Scroll            |       |     1 |       ||     1
         Potion            |       |     1 |       ||     1
   Stab: Sleeping          |     6 |     8 |       ||    14
 Armour: Skin              |    34 |    34 |    38 ||   106
  Dodge: Dodged            |    44 |    38 |    53 ||   135
  Block: Buckler           |       |     1 |    11 ||    12

Levels and vault maps discovered:
D:1:      minmay_arrival_three_doors, layout_basic,
          hellmonk_ecumenical_altar_pennies_from_heaven
D:2:      layout_basic, minivault_11
D:3:      layout_loops_ring, pdpol_temple_overflow_zin_treasury_gozag_greed,
          pdpol_wu_jian_five_deadly_venoms, ashenzari_conservatory_becter
D:4:      layout_gridville, nemelex_xobeh_ov_fountains_minmay,
          nicolae_qazlal_general_emergency, minmay_temple_entry_poolview,
          serial_shops, shop, ebering_ghost_reflecting_pool, uniq_pikel,
          uniq_grinder
D:5:      layout_basic, lemuel_mausoleum_altar_yredelemnul, uniq_menkaure
D:6:      layout_loops_ring, xom_butterflies, chequers_serial_rivers_room_b,
          uniq_maggie, uniq_duvessa, uniq_jeremiah
D:7:      layout_basic

Notes
Turn   | Place    | Note
-------+----------+-------------------------------------------
     0 | D:1      | Spakk the Octopode Shapeshifter began the quest for the
                  | Orb.
     0 | D:1      | Reached XP level 1. HP: 13/13 MP: 1/1
   152 | D:1      | Reached skill level 2 in Fighting
   152 | D:1      | Reached XP level 2. HP: 19/19 MP: 2/2
   265 | D:1      | Found a faded altar of an unknown god.
   964 | D:2      | Reached XP level 3. HP: 25/25 MP: 3/3
   979 | D:2      | Reached skill level 3 in Fighting
  1334 | D:2      | Reached XP level 4. HP: 33/33 MP: 4/4
  1505 | D:2      | Reached skill level 4 in Fighting
  2100 | D:3      | Found a broken altar of Ashenzari.
  2250 | D:3      | Reached XP level 5. HP: 36/38 MP: 5/5
  2388 | D:3      | Reached skill level 5 in Fighting
  2546 | D:3      | Found an opulent altar of Gozag.
  2552 | D:3      | Became a worshipper of Gozag Ym Sagoz the Greedy
  2579 | D:3      | Found a glowing silver altar of Zin.
  2668 | D:3      | Found an ornate altar of the Wu Jian Council.
  2748 | D:4      | Found Nied's Armour Shoppe.
  2823 | D:4      | Found a runed translucent door.
  2844 | D:4      | Noticed math4jedi's ghost (amateur MiBe)
  2863 | D:4      | Noticed Grinder
  2892 | D:4      | Killed Grinder
  2893 | D:4      | Reached skill level 4 in Unarmed Combat
  2893 | D:4      | Reached skill level 4 in Shapeshifting
  2893 | D:4      | Reached XP level 6. HP: 18/45 MP: 6/6
  3021 | D:4      | You fall into a shaft and drop 3 floors!
  3144 | D:7      | Noticed a yak
  3145 | D:7      | Noticed a yak
  3167 | D:6      | Noticed an ice beast
  3175 | D:6      | Killed an ice beast
  3176 | D:6      | Reached XP level 7. HP: 50/50 MP: 7/7
  3232 | D:6      | Reached skill level 5 in Shapeshifting
  3350 | D:5      | Entered Level 5 of the Dungeon
  3448 | D:4      | Found a stormy altar of Qazlal.
  3666 | D:4      | Noticed Pikel
  3929 | D:4      | Found a staircase to the Ecumenical Temple.
  4135 | D:4      | Found a sparkling altar of Nemelex Xobeh.
  4145 | D:4      | Reached skill level 6 in Shapeshifting
  4171 | D:4      | Killed Pikel
  4171 | D:4      | HP: 2/50 [orc/+0 dagger (4)]
  4172 | D:4      | Reached skill level 7 in Shapeshifting
  4172 | D:4      | Reached skill level 6 in Fighting
  4172 | D:4      | Reached XP level 8. HP: 2/57 MP: 8/8
  4172 | D:4      | Slain by an orc

Vanquished Creatures
  Pikel (D:4)
  Grinder (D:4)
  An ice beast (D:6)
  A phantom (D:4)
  2 lemures (D:4)
  An orc priest (D:3)
  2 iguanas (D:4)
  An orc wizard (D:6)
  4 gnolls (D:5)
  8 adders
  2 ribbon worms (D:2)
  2 dart slugs
  8 orcs
  4 ball pythons
  6 bats
  8 endoplasms
  2 giant cockroaches
  10 goblins
  7 jackals
  6 kobolds
  5 quokkas
  2 frilled lizards
  5 rats
89 creatures vanquished.

Table legend: (Time is in decaauts)
 A = Elapsed time spent in this place.
 B = Non-inter-level travel time spent in this place.
 C = Inter-level travel time spent in this place.
 D = Time resting spent in this place.
 E = Time spent auto-exploring this place.
 F = Levels seen in this place.
 G = Mean time per level.
                   A        B        C        D        E       F      G
               +--------+--------+--------+--------+--------+-----+--------+
         Total |   4160 |   4038 |    122 |    734 |   2615 |   7 |  594.3 |
       Dungeon |   4160 |   4038 |    122 |    734 |   2615 |   7 |  594.3 |
               +--------+--------+--------+--------+--------+-----+--------+

Top non-repeatable levels by time:
     D:2: 1116 daAuts
     D:4: 1018 daAuts
     D:1: 855 daAuts
     D:3: 745 daAuts
     D:6: 199 daAuts
     D:7: 128 daAuts
     D:5: 97 daAuts

Table legend:
 A = Non-vault XP
 B = Vault XP
 C = Vault XP percentage of total XP
 D = Non-vault monster count
 E = Vault monster count
 F = Vault count percentage of total count
                 A         B        C        D         E       F
            +---------+---------+-------+---------+---------+-------
      Total |     690 |     875 |  55.9 |      85 |       2 |   2.3
            +---------+---------+-------+---------+---------+-------
        D:1 |      29 |       0 |   0.0 |      17 |       0 |   0.0
        D:2 |      87 |       0 |   0.0 |      24 |       0 |   0.0
        D:3 |      97 |       0 |   0.0 |      19 |       0 |   0.0
        D:4 |     245 |     875 |  78.1 |      16 |       2 |  11.1
        D:5 |      56 |       0 |   0.0 |       4 |       0 |   0.0
        D:6 |     176 |       0 |   0.0 |       5 |       0 |   0.0
            +---------+---------+-------+---------+---------+-------
